 Dungeon Crawl Stone Soup version 0.28-a0-991-g956f0ee3d5 (webtiles) character file.

Game seed: 8407468876290112577

162 browni3141 the Sneak (level 5, -7/33 HPs)
             Began as an Octopode Transmuter on Dec 4, 2021.
             Killed by divine providence
             ... invoked by an orc priest
              (10 damage)
             ... on level 4 of the Dungeon.
             The game lasted 00:04:37 (3870 turns).

browni3141 the Sneak (Octopode Transmuter)          Turns: 3870, Time: 00:04:38

Health: -7/33      AC:  2    Str:  6 (9)  XL:     5   Next: 43%
Magic:  4/8        EV: 19    Int: 16 (18) God:
Gold:   135        SH:  0    Dex: 17      Spells: 2/8 levels left

rFire   . . .      SeeInvis .     - Unarmed
rCold   + . .      Faith    .   (shield currently unavailable)
rNeg    . . .      Spirit   .   (helmet currently unavailable)
rPois   x          Reflect  .   (no amulet)
rElec   .          Harm     .   g - ring of protection from cold
rCorr   .          Rampage  .   (no ring)
Will    .....                   (no ring)
Stlth   +++.......              (no ring)
HPRegen 0.11/turn               (no ring)
MPRegen 0.11/turn               (no ring)
                                (no ring)
                                (no ring)

@: spider-form (expiring), wereblooded
A: venomous fangs, almost no armour, (amphibious), 8 rings, tiny, (camouflage
1), (gelatinous body 1), (nimble swimmer 1), (tentacles)
a: End Transformation


You were on level 4 of the Dungeon.
You were a venomous arachnid creature.
You visited 1 branch of the dungeon, and saw 4 of its levels.

You collected 183 gold pieces.
You spent 48 gold pieces at shops.

Inventory:

Missiles
 e - 19 poisoned darts
Jewellery
 g - a ring of protection from cold (left front leg)
Wands
 f - a wand of flame (19)
Scrolls
 a - a scroll of silence
 d - 2 scrolls of enchant weapon
 h - a scroll of teleportation
 i - a scroll of amnesia {unknown}
Potions
 b - a potion of lignification {unknown}
 c - 2 potions of flight
 j - a potion of heal wounds {unknown}


   Skills:
 - Level 1.0 Fighting
 - Level 2.0 Dodging
 - Level 5.0 Stealth
 - Level 3.0 Unarmed Combat
 - Level 2.0 Spellcasting
 * Level 3.5 Transmutations
 + Level 2.1 Poison Magic


You had 2 spell levels left.
You knew the following spells:

 Your Spells              Type           Power      Damage    Failure   Level
a - Beastly Appendage     Tmut           24%        N/A       14%         1
b - Wereblood             Tmut           12%        N/A       21%         2
c - Spider Form           Tmut/Pois      10%        N/A       41%         3

Your spell library contained the following spells:

 Spells                   Type           Power      Damage    Failure   Level
 Ice Form                 Ice/Tmut       7%         N/A       86%         4
 Summon Lightning Spire   Summ/Air       1%         N/A       97%         4
 Storm Form               Tmut/Air       3%         N/A       100%        7
 Maxwell's Capacitive Co  Air            0%         ∞         100%        8


Dungeon Overview and Level Annotations

Branches:
Dungeon (4/15)
 Temple: D:4-7

Altars:
Makhleb
Zin

Shops:
D:3 ?   D:4 (


Innate Abilities, Weirdness & Mutations

You are a venomous arachnid creature.
You have poisonous fangs.
You are tiny and dextrous.
Your spellcasting is less reliable in this form.
Your armour is entirely melded.
You are incapable of wielding weapons or throwing items.
You cannot wear most types of armour.
((You are amphibious.))
You can wear up to eight rings at the same time.
((Your skin changes colour to match your surroundings (Stealth+).))
((Your rubbery body absorbs attacks. (AC +1, EV +1)))
((You are camouflaged near water. (Stealth+)))
((You have tentacles for arms and can constrict up to eight enemies at once.))


Message History

Confirm with . or Enter, or press ? or * to list all spells.
The spell is quite dangerous to miscast (21% risk of failure)!
Continue anyway?
You turn into a venomous arachnid creature.
An orc comes into view. It is wielding a +0 club.
Found a stone staircase leading down.
The orc closely misses you.
The orc shouts!
You hit the orc but do no damage.
The orc is poisoned.
You hear a shout!
You barely miss the orc.
The orc is moderately wounded.
The orc barely misses you.
You barely miss the orc.
The orc is moderately wounded.
Your transformation is almost over.
The orc priest casts a cantrip, but nothing happens.
The orc misses you.
The orc shouts!
You hit the orc.
You kill the orc!
The orc priest looks satisfied for a moment.
An orc priest comes into view. It is wielding a +0 club.
You hit the orc but do no damage. The orc hits you with a +0 club.
The orc priest calls down the wrath of Beogh upon you.
Beogh smites you!
You hit the orc priest.
The orc priest is poisoned.
The orc priest is moderately wounded.
The orc barely misses you.
The orc priest hits you with a +0 short sword.
The kobold completely misses you.
You hit the orc priest.
The orc priest looks as sick as possible!
The orc priest is heavily wounded.
The orc hits you with a +0 club.
The orc priest mumbles some strange prayers to Beogh against you.
Beogh smites you!
* * * LOW HITPOINT WARNING * * *
The kobold hits you but does no damage.
The orc priest mumbles some strange prayers to Beogh against you.
Beogh smites you!
You die...

#...######.#.#
#.....[......#
#...######..##
#.###...# ##.#
........# #.#
.......$# #.##
........# #..#
#.####...
###.##.### ..
.#.#
#.s).......
..#.#
#ooK.......
..#.#
#.o........
...#.o
.o.........
#...........
#...........
#......>....
...........


You could see 2 orc priests, 2 orcs and a kobold.

Vanquished Creatures
  Jessica (D:2)
  A killer bee zombie (D:3)
  4 adders
  A gnoll (D:1)
  A dart slug (D:1)
  An orc (D:4)
  4 ball pythons
  9 endoplasms
  3 giant cockroaches
  4 goblins
  9 hobgoblins
  7 jackals
  3 kobolds
  2 quokkas
  7 bats
  3 rats
60 creatures vanquished.

Notes
Turn   | Place    | Note
-------+----------+-------------------------------------------
     0 | D:1      | browni3141 the Octopode Transmuter began the quest for the
                  | Orb.
     0 | D:1      | Reached XP level 1. HP: 13/13 MP: 3/3
    34 | D:1      | Reached skill level 1 in Stealth
   228 | D:1      | Reached skill level 2 in Stealth
   448 | D:1      | Reached XP level 2. HP: 16/18 MP: 3/5
   585 | D:1      | Reached skill level 3 in Stealth
   614 | D:1      | Reached XP level 3. HP: 11/23 MP: 4/6
   773 | D:1      | Found a faded altar of an unknown god.
   876 | D:1      | Reached skill level 4 in Stealth
  1257 | D:2      | Learned a level 2 spell: Wereblood
  1261 | D:2      | Learned a level 3 spell: Spider Form
  1406 | D:2      | Noticed Jessica
  1414 | D:2      | Killed Jessica
  1415 | D:2      | Reached skill level 5 in Stealth
  1415 | D:2      | Reached XP level 4. HP: 28/28 MP: 5/7
  1858 | D:2      | Reached skill level 1 in Poison Magic
  2626 | D:3      | Found Teff's Magic Scroll Shoppe.
  2641 | D:3      | Reached XP level 5. HP: 28/33 MP: 8/8
  2689 | D:3      | Bought a scroll of identify for 24 gold pieces
  2689 | D:3      | Bought a scroll of identify for 24 gold pieces
  3346 | D:3      | Found a burning altar of Makhleb.
  3349 | D:3      | Found a glowing silver altar of Zin.
  3349 | D:3      | Noticed an angel
  3350 | D:3      | Noticed a blizzard demon
  3797 | D:4      | Found Ruerghifa's Weapon Shop.
  3870 | D:4      | Killed from afar by an orc priest

Illustrated notes

Levels and vault maps discovered:
D:1:      dpeg_arrival_simpleton_b, layout_loops_ring,
          shapermc_ecumenical_altar_petra
D:2:      layout_loops_ring, amcnicky_mini_pool_small, uniq_jessica
D:3:      layout_rooms, grunt_temple_overflow_order_and_chaos_2, serial_shops,
          nicolae_shop_temple_entry_statues_fountains,
          nicolae_figureground_sparkle
D:4:      layout_basic, gup_sewer_entry_bowl, serial_shops, kennysheep_mini_moat

Skill      XL: |  1  2  3  4  5 |
---------------+----------------+-----
Stealth        | 2 3 5 |  5.0
Poison Magic   | 1 2 |  2.1
Transmutations | 3 |  3.5
Fighting       | |  1.0
Dodging        | |  2.0
Unarmed Combat | |  3.0
Spellcasting   | |  2.0

Action                   |  1- 3 |  4- 6 || total
-------------------------+-------+-------++-------
Melee: Unarmed           |    56 |   119 ||   175
       Constrict         |    16 |    23 ||    39
       Tentacles         |     9 |     6 ||    15
       Kick              |     8 |    11 ||    19
       Punch             |     2 |     2 ||     4
 Cast: Beastly Appendage |     7 |    10 ||    17
       Wereblood         |       |     2 ||     2
       Spider Form       |       |     1 ||     1
  Use: Potion            |       |     3 ||     3
       Scroll            |       |     4 ||     4
 Stab: Sleeping          |    10 |    15 ||    25
       Distracted        |       |     1 ||     1
Armor: Skin              |    11 |    18 ||    29
Dodge: Dodged            |    25 |    92 ||   117

Table legend: (Time is in decaauts)
 A = Elapsed time spent in this place.
 B = Non-inter-level travel time spent in this place.
 C = Inter-level travel time spent in this place.
 D = Time resting spent in this place.
 E = Time spent auto-exploring this place.
 F = Levels seen in this place.
 G = Mean time per level.
                   A        B        C        D        E       F      G
               +--------+--------+--------+--------+--------+-----+--------+
         Total |   3860 |   3762 |     98 |    227 |   3032 |   4 |  965.0 |
       Dungeon |   3860 |   3762 |     98 |    227 |   3032 |   4 |  965.0 |
               +--------+--------+--------+--------+--------+-----+--------+

Top non-repeatable levels by time:
     D:2: 1652 daAuts
     D:1: 1235 daAuts
     D:3: 881 daAuts
     D:4: 90 daAuts
